 Seeded DCSS version 0.29.1-15-g9cfb28693d (webtiles) character file.

Game seed: 10165163451824931987 (custom seed)

27 Psyclone the Stinger (level 2, -1/15 HPs)
             Began as a Deep Elf Venom Mage on Sept 23, 2023.
             Killed from afar by Sigmund (7 damage)
             ... with a magic dart
             ... on level 2 of the Dungeon.
             The game lasted 00:03:00 (1218 turns).

Psyclone the Stinger (Deep Elf Venom Mage)          Turns: 1218, Time: 00:03:00

Health: -1/15      AC:  2    Str:  5    XL:     2   Next: 93%
Magic:  13/17      EV: 12    Int: 19    God:
Gold:   787        SH:  0    Dex: 15    Spells: 4/7 levels left

rFire   . . .      SeeInvis .   c - +0 short sword
rCold   . . .      Faith    .   (no shield)
rNeg    . . .      Spirit   .   a - +0 robe
rPois   .          Reflect  .   (no helmet)
rElec   .          Harm     .   (no cloak)
rCorr   +          Rampage  .   (no gloves)
Will    .....                   (no boots)
Stlth   ++........              (no amulet)
HPRegen 0.05/turn               h - ring "Mystraiz" {rCorr MP+9 Slay+4}
MPRegen 0.15/turn               (no ring)

@: no status effects
A: no striking features
a: no special abilities


You were on level 2 of the Dungeon.
You visited 1 branch of the dungeon, and saw 2 of its levels.

You collected 787 gold pieces.

Inventory:

Hand Weapons
 c - a +0 short sword (weapon)
Armour
 a - a +0 robe (worn)
Jewellery
 f - an amulet of regeneration
 h - the ring "Mystraiz" (left hand) {rCorr MP+9 Slay+4}
   (You acquired it on level 1 of the Dungeon)

   [ring of slaying]

   Slay:      It affects your accuracy & damage with ranged weapons and melee
   (+4).
   MP:        It affects your magic capacity (+9).
   rCorr:     It protects you from acid and corrosion.
Scrolls
 d - 2 scrolls of teleportation {unknown}
 e - a scroll of vulnerability {unknown}
 g - a scroll of enchant weapon {unknown}
 i - a scroll of noise {unknown}
 k - 2 scrolls of fear {unknown}
 l - a scroll of butterflies {unknown}
 m - a scroll of identify {unknown}
Potions
 b - a potion of magic
 j - a potion of flight {unknown}


   Skills:
 - Level 2.4 Dodging
 - Level 2.4 Stealth
 - Level 3.0 Spellcasting
 - Level 1.1 Transmutations
 + Level 4.6 Poison Magic


You had 4 spell levels left.
You knew the following spells:

 Your Spells              Type           Power      Damage    Failure   Level
a - Poisonous Vapours     Pois/Air       22%        N/A       9%          2
v - Sting                 Tmut/Pois      52%        1d5       4%          1

Your spell library contained the following spells:

 Spells                   Type           Power      Damage    Failure   Level
 Olgreb's Toxic Radiance  Pois           20%        N/A       22%         4
 Mephitic Cloud           Conj/Pois/Air  8%         N/A       24%         3


Dungeon Overview and Level Annotations

Branches:
Dungeon (2/15) Zot: 10779

Altars:

Shops:
D:1 =

Annotations:
D:2 Sigmund


Message History

You miscast Poisonous Vapours.
Nothing appears to happen.
Sigmund shouts!
Sigmund casts a spell at you. The puff of flame hits you!
Ouch! That really hurt!
* * * LOW HITPOINT WARNING * * *
You take 11 damage, and have 4/15 hp.
MASSIVE DAMAGE!!
You now have 13/17 mp.
Casting: Poisonous Vapours (safe; 9% risk of failure)
Confirm with . or Enter, or press ? or * to list all spells.
Aiming: Poisonous Vapours (safe; 9% risk of failure)
Press: ? - help, Dir - move target, f/p - Sigmund
Aim: Sigmund, wielding a +4 scythe and wearing a +0 robe Poisonous vapours surround Sigmund!
Sigmund is poisoned.
Sigmund casts a spell at you. You resist with significant effort.
You now have 11/17 mp.
Casting: Poisonous Vapours (safe; 9% risk of failure)
Confirm with . or Enter, or press ? or * to list all spells.
Aiming: Poisonous Vapours (safe; 9% risk of failure)
Press: ? - help, Dir - move target, f/p - Sigmund
Aim: Sigmund, wielding a +4 scythe and wearing a +0 robe (lightly wounded, poisoned) Poisonous vapours surround Sigmund!
Sigmund looks even sicker.
Sigmund casts a spell at you.
You are confused.
You now have 9/17 mp.
You bump into the rock wall.
You're too confused to move!
Sigmund casts a spell at you. You resist with significant effort.
Sigmund looks at you with fury.
You're too confused to move!
You feel less confused.
Sigmund mumbles some strange words.
Sigmund flickers and vanishes!
Deactivating autopickup; reactivate with Ctrl-A.
Your magical contamination has completely faded away.
Found a scroll labelled WUKKAI GA DAL.
A magic dart appears from out of thin air!
The magic dart hits you!
You die...

##### ...# ...#
..# ..# #.# #.#
#@# #.# #.#
#.#######
#.#.....###
#####.{.......#
...###.###.#.#
#.##..# #.#
.#.##.....# #.#
#


There were no monsters in sight!

Vanquished Creatures
  2 ball pythons (D:1)
  4 bats (D:1)
  3 endoplasms (D:1)
  2 giant cockroaches
  5 goblins (D:1)
  4 hobgoblins
  2 kobolds (D:1)
22 creatures vanquished.

Notes
Turn   | Place    | Note
-------+----------+-------------------------------------------
     0 | D:1      | Psyclone the Deep Elf Venom Mage began the quest for the
                  | Orb.
     0 | D:1      | Reached XP level 1. HP: 10/10 MP: 6/6
   311 | D:1      | Identified a scroll of acquirement
   311 | D:1      | Acquired 755 gold pieces
   383 | D:1      | Reached XP level 2. HP: 11/15 MP: 1/8
   397 | D:1      | Reached skill level 4 in Poison Magic
   469 | D:1      | Acquired the ring "Mystraiz" {rCorr MP+9 Slay+4}
   549 | D:1      | Found Imaonk's Jewellery Emporium.
  1180 | D:2      | Learned a level 2 spell: Poisonous Vapours
  1186 | D:2      | Noticed Sigmund
  1218 | D:2      | Killed from afar by Sigmund

Illustrated notes

Levels and vault maps discovered:
D:1:      evilmike_arrival_fibonacci_small, layout_loops_ring, serial_shops,
          nicolae_shop_behind_doors, ebering_dispersal_statue_hall
D:2:      layout_basic, basic_altar, serial_park_tiny_pond, uniq_sigmund

Skill      XL: |  1  2 |
---------------+-------+-----
Poison Magic   | 4 |  4.6
Dodging        | |  2.4
Stealth        | |  2.4
Spellcasting   | |  3.0
Transmutations | |  1.1

Action                   || total
-------------------------++-------
Melee: Short sword       ||    30
 Cast: Sting             ||    22
       Poisonous Vapours ||     2
  Use: Scroll            ||     2
 Stab: Sleeping          ||     3
Armor: Robe              ||     7
Dodge: Dodged            ||    24
